 Dungeon Crawl Stone Soup version 0.25.0-1-g7eea58d (webtiles) character file.

Game seed: 10153529191888640616

195 edsrzf the Skirmisher (level 5, 0/54 HPs)
             Began as an Ogre Enchanter on June 27, 2020.
             Was an Initiate of Okawaru.
             Succumbed to an adder's poison
             ... on level 2 of the Dungeon.
             The game lasted 00:07:44 (4054 turns).

edsrzf the Skirmisher (Ogre Enchanter)              Turns: 4054, Time: 00:07:44

Health: 0/54       AC:  3    Str: 18 (19) XL:     5   Next: 74%
Magic:  9/9        EV:  9    Int: 13 (16) God:    Okawaru [......]
Gold:   61         SH:  0    Dex:  6 (9)  Spells: 9/10 levels left

rFire    + + .     SeeInvis .   a - +1 flail
rCold    + . .     Gourm    .   (no shield)
rNeg     . . .     Faith    .   b - +0 robe
rPois    +         Spirit   .   (helmet restricted)
rElec    +         Reflect  .   (no cloak)
rCorr    +         Harm     .   (gloves unavailable)
MR       .....                  (boots unavailable)
Stlth    ++........             (no amulet)
HPRegen  0.18/turn              c - +6 ring of strength (curse)
MPRegen  0.11/turn              j - ring of protection from fire (curse)

@: lethally poisoned (0 -> -4), resistant, hasted, very quick
A: large, unfitting armour, tough skin 1
a: Renounce Religion


You were on level 2 of the Dungeon.
You worshipped Okawaru.
Okawaru was noncommittal.
You were very hungry.

You visited 1 branch of the dungeon, and saw 3 of its levels.

You collected 61 gold pieces.

Inventory:

Hand Weapons
 a - a +1 flail (weapon)
Missiles
 i - 17 stones (quivered)
 l - 8 boomerangs
Armour
 b - a +0 robe (worn)
Jewellery
 c - a cursed +6 ring of strength (left hand)
 j - a cursed ring of protection from fire (right hand)
 m - an uncursed ring of fire {unknown}
 q - a +6 ring of intelligence {unknown}
Scrolls
 f - a scroll of teleportation {@r3}
Potions
 o - a potion of degeneration
Comestibles
 d - 3 rations


   Skills:
 + Level 4.0 Fighting
   Level 0.8 Short Blades
 - Level 3.4 Maces & Flails
 - Level 0.1 Throwing
 - Level 1.7 Dodging
 - Level 2.1 Stealth
 - Level 3.0 Spellcasting
 - Level 2.6 Hexes


You had 9 spell levels left.
You knew the following spells:

 Your Spells              Type           Power        Failure   Level  Hunger
a - Corona                Hex            #......      8%          1    #......

Your spell library contained the following spells:

 Spells                   Type           Power        Failure   Level  Hunger
 Ensorcelled Hibernation  Hex/Ice        #.....       21%         2    ###....
 Confusing Touch          Hex            #.......     22%         3    ###....
 Tukima's Dance           Hex            #.......     22%         3    ###....
 Dazzling Flash           Conj/Hex       #.....       36%         3    ###....


Dungeon Overview and Level Annotations

Branches:
Dungeon (3/15)

Altars:
Ashenzari
Okawaru
Wu Jian
Xom

Annotations:
D:3 exclusion: orc wizard


Innate Abilities, Weirdness & Mutations

You are too large for most types of armour.
You have tough skin. (AC +1)


Message History

The adder looks more healthy.
The adder barely misses you.
You hit the adder but do no damage.
The adder is heavily wounded.
The adder bites you but does no damage. The adder bites you.
You closely miss the adder.
The adder is heavily wounded.
The adder bites you.
You are poisoned.
The adder poisons you! The adder closely misses you.
You miss the adder.
The adder is heavily wounded.
You feel sick. The adder bites you.
You barely miss the adder.
The adder is heavily wounded.
You feel sick. The adder bites you.
You are more poisoned.
The adder poisons you! The adder barely misses you.
You barely miss the adder.
The adder is heavily wounded.
You feel sick. The adder closely misses you.
You hit the adder.
The adder is severely wounded.
You feel sick. The adder misses you. The adder closely misses you.
You closely miss the adder.
The adder is severely wounded.
You are feeling very hungry.
The adder bites you. The adder closely misses you.
You closely miss the adder.
The adder is severely wounded.
You feel sick. The adder misses you.
You miss the adder.
The adder is severely wounded.
You feel sick. The adder bites you. The adder barely misses you.
You hit the adder.
The adder is severely wounded.
You feel sick. The adder bites you. x2
* * * LOW HITPOINT WARNING * * *
You are more poisoned.
The adder poisons you!
You closely miss the adder.
The adder is severely wounded.
The adder bites you but does no damage.
You miss the adder.
The adder is severely wounded.
You feel sick. The adder bites you.
* * * LOW HITPOINT WARNING * * *
You are more poisoned.
The adder poisons you! The adder misses you.
You closely miss the adder.
The adder is severely wounded.
You feel sick. The adder closely misses you.
It was a potion of degeneration.
There was something very wrong with that liquid.
You feel weakened.
You feel dopey.
You feel clumsy. The adder bites you but does no damage.
The adder completely misses you.
It was a potion of resistance.
You feel protected.
You feel sick. The adder bites you.
* * * LOW HITPOINT WARNING * * *
You are lethally poisoned!
The adder poisons you!
It was a potion of haste.
You feel yourself speed up.
* * * LOW HITPOINT WARNING * * *
You feel sick. The adder closely misses you.
* * * LOW HITPOINT WARNING * * *
You feel sick.
* * * LOW HITPOINT WARNING * * *
You feel sick.
* * * LOW HITPOINT WARNING * * *
You feel sick.
* * * LOW HITPOINT WARNING * * *
You feel sick.
Really walk into that teleport trap?
You enter a teleport trap!
The teleport trap disappears.
Your surroundings suddenly seem different.
* * * LOW HITPOINT WARNING * * *
You feel sick.
Okay, then.
As you read the scroll labeled IMIANLEJIGH, it crumbles to dust.
It is a scroll of identify.
f - a scroll of teleportation
As you read the scroll labeled EWNEZXYBUOL, it crumbles to dust.
You feel aware of your surroundings.
It was a scroll of magic mapping.
* * * LOW HITPOINT WARNING * * *
You feel sick.
As you read the scroll labeled POPSUEVIUF, it crumbles to dust.
Your +0 flail glows luminous purple for a moment.
It was a scroll of random uselessness.
* * * LOW HITPOINT WARNING * * *
You feel sick.
As you read the scroll labeled JYNOYXK OSIABB, it crumbles to dust.
It is a scroll of enchant weapon.
Your +0 flail glows red for a moment.
Okay, then.
There is a lethal amount of poison in your body!
* * * LOW HITPOINT WARNING * * *
You feel sick.
* * * LOW HITPOINT WARNING * * *
You feel sick.
You die...

#..#.#####.###.##.# ***,* ##...#
#........# *,, #### ##.##
#####.#### *** ...# #.# ##'## *
##.# #.# ##...## ##.# #.##
##.....## ### .#.# #..##
##.......## ##.##
.#.######...####.........####...#
...............'@........'.......
...#####....####.........##.#...#
..## #....## ##.......###.##...
..# #....# ##.....## #.###.# #.#
#.#### ##...## #.###.# ..# #.#
##'######...... ### #.#
#.##.........# # #.#
#.##.######..# # #.########
##.##.######..#


There were no monsters in sight!

Vanquished Creatures
  A bullfrog skeleton (D:3)
  Natasha (D:2)
  6 gnolls (D:2)
  2 adders
  An ooze (D:3)
  A worm (D:2)
  3 dart slugs
  2 leopard geckos (D:1)
  7 goblins
  6 hobgoblins
  3 jackals (D:2)
  5 kobolds
  4 ball pythons
  7 bats
  2 frilled lizards (D:2)
  2 rats
53 creatures vanquished.

Notes
Turn   | Place    | Note
-------+----------+-------------------------------------------
     0 | D:1      | edsrzf the Ogre Enchanter began the quest for the Orb.
     0 | D:1      | Reached XP level 1. HP: 16/16 MP: 3/3
   347 | D:1      | Reached skill level 1 in Fighting
   489 | D:1      | Reached XP level 2. HP: 26/27 MP: 5/5
   647 | D:1      | Reached skill level 3 in Spellcasting
   881 | D:1      | Reached skill level 2 in Fighting
  1301 | D:1      | Reached XP level 3. HP: 35/35 MP: 7/7
  1561 | D:2      | You fall into a shaft and drop 1 floor!
  1589 | D:3      | Reached skill level 1 in Maces & Flails
  1723 | D:3      | Reached skill level 3 in Fighting
  1723 | D:3      | Reached XP level 4. HP: 17/45 MP: 6/8
  2184 | D:2      | Found a shimmering altar of Xom.
  2184 | D:2      | Found a shimmering altar of Xom.
  2187 | D:2      | Found a shimmering altar of Xom.
  2195 | D:2      | Reached skill level 2 in Maces & Flails
  2558 | D:2      | Reached skill level 4 in Fighting
  2558 | D:2      | Reached XP level 5. HP: 13/54 MP: 9/9
  2801 | D:2      | Noticed Natasha
  2815 | D:2      | Killed Natasha
  3221 | D:2      | Found an iron altar of Okawaru.
  3558 | D:2      | Reached skill level 3 in Maces & Flails
  3569 | D:2      | Found an ornate altar of the Wu Jian Council.
  3570 | D:2      | Found a shattered altar of Ashenzari.
  3584 | D:2      | Became a worshipper of Warmaster Okawaru
  3999 | D:2      | Found a shimmering altar of Xom.
  4003 | D:2      | Found a shimmering altar of Xom.
  4003 | D:2      | Found a shimmering altar of Xom.
  4035 | D:2      | Identified 2 potions of degeneration
  4036 | D:2      | Identified a potion of resistance
  4037 | D:2      | Identified a potion of haste
  4045 | D:2      | Identified a scroll of identify
  4045 | D:2      | Identified a scroll of teleportation
  4046 | D:2      | Identified a scroll of magic mapping
  4047 | D:2      | Identified a scroll of random uselessness
  4047 | D:2      | HP: 2/54 [poisoned by an adder]
  4048 | D:2      | Identified a scroll of enchant weapon
  4054 | D:2      | Succumbed to an adder's poison

Illustrated notes

Levels and vault maps discovered:
D:1:      matt_arrival_diagonals, layout_basic
D:2:      layout_loops_corners, minitemple, xom_redecorated, uniq_natasha
D:3:      layout_basic

Skill      XL: |  1  2  3  4  5 |
---------------+----------------+-----
Fighting       | 1 2 3 4 |  4.0
Spellcasting   | 3 |  3.0
Maces & Flails | 1 2 3 |  3.4
Short Blades   | |  0.8
Throwing       | |  0.1
Dodging        | |  1.7
Stealth        | |  2.1
Hexes          | |  2.6

Action                   |  1- 3 |  4- 6 || total
-------------------------+-------+-------++-------
Melee: Dagger            |   109 |    86 ||   195
       Flail             |       |    76 ||    76
Throw: Dart              |       |     9 ||     9
 Cast: Corona            |     4 |     5 ||     9
  Use: Scroll            |       |     4 ||     4
       Potion            |       |     3 ||     3
 Stab: Sleeping          |     2 |     2 ||     4
  Eat: Chunk             |     3 |     6 ||     9
Armor: Robe              |    21 |    42 ||    63
Dodge: Dodged            |    58 |    79 ||   137
